 Dungeon Crawl Stone Soup version 0.28-a0-793-g31680bbd8b (webtiles) character file.

Game seed: 17281893208700891552

2401 gimp the Arsonist (level 9, -1/65 HPs)
             Began as a Demonspawn Cinder Acolyte on Nov 3, 2021.
             Was a High Priest of Ignis.
             Succumbed to a gnoll sergeant's poison
             ... on level 6 of the Dungeon.
             The game lasted 00:10:37 (8410 turns).

gimp the Arsonist (Demonspawn Cinder Acolyte)       Turns: 8410, Time: 00:10:38

Health: -1/65      AC:  6    Str: 14    XL:     9   Next: 23%
Magic:  13/19      EV: 12    Int: 22    God:    Ignis [*****.]
Gold:   163        SH:  0    Dex:  8    Spells: 20/22 levels left

rFire   + . .      SeeInvis .   a - +2 hand axe (elec)
rCold   . . .      Faith    .   (no shield)
rNeg    . . .      Spirit   .   m - +0 steam dragon scales
rPois   .          Reflect  .   (no helmet)
rElec   .          Harm     .   h - +0 cloak
rCorr   +          Rampage  .   (no gloves)
Will    .....                   (boots unavailable)
Stlth   +.........              s - amulet of magic regeneration
HPRegen 0.20/turn               t - ring of resist corrosion
MPRegen 0.41/turn               (no ring)

@: lethally poisoned (-1 -> -6), on berserk cooldown, flying, slowed, very slow
A: hooves 3, spiny 1, big brain 1
a: Renounce Religion, Sea of Fire, Foxfire Swarm, Rising Flame


You were on level 6 of the Dungeon.
You worshipped Ignis.
Ignis was extremely pleased with you.
You visited 1 branch of the dungeon, and saw 7 of its levels.

You collected 163 gold pieces.

Inventory:

Hand Weapons
 a - a +2 hand axe of electrocution (weapon)
 b - a +0 hunting sling
 c - a -1 hand axe of flaming
 l - a +3 dagger of freezing
Missiles
 d - 256 stones
 f - 14 poisoned darts
 y - 6 javelins
Armour
 g - a +0 leather armour
 h - a +0 cloak (worn)
 m - +0 steam dragon scales (worn)
Jewellery
 s - an amulet of magic regeneration (around neck)
 t - a ring of resist corrosion (left hand)
Wands
 n - a wand of digging (9)
 w - a wand of charming (11)
Scrolls
 i - a scroll of fear
 j - a scroll of identify
 u - a scroll of blinking
Potions
 e - a potion of brilliance {unknown}
 k - a potion of might
 o - 2 potions of mutation
 p - 2 potions of flight
 q - a potion of lignification
 r - a potion of cancellation
 x - a potion of haste {unknown}


   Skills:
 + Level 3.8 Fighting
 - Level 4.0 Axes
 + Level 2.0 Armour
 + Level 2.0 Dodging
 - Level 7.0 Spellcasting
 - Level 8.0 Fire Magic


You had 20 spell levels left.
You knew the following spells:

 Your Spells              Type           Power      Damage    Failure   Level
a - Scorch                Fire           84%        2d9       1%          2

Your spell library contained the following spells:

 Spells                   Type           Power      Damage    Failure   Level


Dungeon Overview and Level Annotations

Branches:
Dungeon (7/15)             Temple (0/1) D:5

Altars:
Dithmenos
Elyvilon
Gozag
Hepliaklqana
Makhleb
Trog
Uskayaw
Yredelemnul

Shops:
D:4 :

Annotations:
D:3 1 runed translucent door, Crazy Yiuf


Innate Abilities, Weirdness & Mutations

You have hooves in place of feet.
You are partially covered in sharp spines.
You have an unusually large brain. (Int +2)


Message History

Okay, then.
You feel very sick.
The gnoll sergeant hits you from afar with a +1 trident of venom.
* * * LOW HITPOINT WARNING * * *
You climb upwards.
* * * LOW HITPOINT WARNING * * *
You feel extremely sick.
There is a stone staircase leading down here.
You take 17 damage, and have 9/65 hp.
MASSIVE DAMAGE!!
It was a potion of flight.
You feel very buoyant.
You fly up into the air.
* * * LOW HITPOINT WARNING * * *
You feel very sick.
You take 4 damage, and have 5/65 hp.
Okay, then.
Okay, then.
Okay, then.
A red film seems to cover your vision as you go berserk!
You feel yourself moving faster!
You feel mighty!
* * * LOW HITPOINT WARNING * * *
You feel very sick.
You now have 5/97 hp.
You feel a strong urge to attack something.
* * * LOW HITPOINT WARNING * * *
You feel sick.
You take 1 damage, and have 4/97 hp.
* * * LOW HITPOINT WARNING * * *
You feel sick.
You feel your anger nearly subside.
* * * LOW HITPOINT WARNING * * *
You feel sick.
You take 1 damage, and have 3/97 hp.
You are no longer berserk.
You are exhausted.
You feel yourself slow down.
* * * LOW HITPOINT WARNING * * *
You feel sick.
You now have 1/65 hp.
You die...

#.......# ### #.......#### #.#
#..........## ##.# #.......##..##
#..# #.......###..####..# #
#.......####.......# ######
######.........#....#.####....#
...............#.##...........#
######..........@..##.###.....#
#.........###..#.# ##....#
######..............#.###..####
.......##..>....##...........#
.####.....#.....###..........##
.###............###........[..###
.....[#####......................
.####...# #########..............
<# ###.### #......####....


There were no monsters in sight!

Vanquished Creatures
  Pikel (D:5)
  A steam dragon (D:5)
  A water moccasin (D:6)
  An ice beast (D:6)
  An orc warrior (D:6)
  A sky beast (D:6)
  4 ogres (D:5)
  A necrophage (D:6)
  A centaur (D:6)
  A lemure (D:5)
  Blork the orc (D:6)
  A scorpion (D:4)
  A wyvern skeleton (D:6)
  A water moccasin skeleton (D:6)
  4 wights
  A jelly (D:6)
  2 hounds
  An orc priest (D:4)
  2 centaur skeletons
  2 bullfrog skeletons (D:6)
  5 orc wizards
  A hound skeleton (D:4)
  3 gnolls (D:7)
  A howler monkey skeleton (D:5)
  4 adders
  A white imp (D:6)
  2 adder skeletons
  2 worms (D:2)
  A dart slug (D:3)
  20 orcs
  7 endoplasms
  6 goblins
  7 hobgoblins
  4 quokkas
  3 ball pythons
  5 bats
  3 frilled lizards
  14 kobolds
  6 rats
124 creatures vanquished.

Vanquished Creatures (others)
  13 foxfires (D:3)
  24 plants
37 creatures vanquished.

Grand Total: 161 creatures vanquished

Notes
Turn   | Place    | Note
-------+----------+-------------------------------------------
     0 | D:1      | gimp the Demonspawn Cinder Acolyte began the quest for the
                  | Orb.
     0 | D:1      | Reached XP level 1. HP: 18/18 MP: 2/2
   524 | D:1      | Gained mutation: You have an unusually large brain. (Int
                  | +2) [demonic ancestry]
   524 | D:1      | Reached XP level 2. HP: 19/24 MP: 3/3
   765 | D:1      | Learned a level 2 spell: Scorch
  1361 | D:2      | Reached skill level 3 in Fire Magic
  1361 | D:2      | Gained mutation: You have large cloven feet. [demonic
                  | ancestry]
  1361 | D:2      | Reached XP level 3. HP: 25/29 MP: 4/4
  2154 | D:2      | Found a bloodstained altar of Trog.
  2585 | D:3      | Reached XP level 4. HP: 33/35 MP: 0/5
  3170 | D:3      | Reached skill level 4 in Fire Magic
  3305 | D:3      | Found a shadowy altar of Dithmenos.
  3420 | D:3      | Found a runed translucent door.
  3421 | D:3      | Noticed Crazy Yiuf
  3553 | D:3      | Reached XP level 5. HP: 41/41 MP: 1/7
  4320 | D:4      | Found Jotsit's Book Shoppe.
  4328 | D:4      | Reached skill level 5 in Fire Magic
  4328 | D:4      | Gained mutation: You have hoof-like feet. [demonic
                  | ancestry]
  4328 | D:4      | Reached XP level 6. HP: 42/47 MP: 4/9
  4775 | D:4      | Found an opulent altar of Gozag.
  4775 | D:4      | Found a basalt altar of Yredelemnul.
  5053 | D:4      | Found a faded altar of an unknown god.
  5053 | D:4      | Found a faded altar of an unknown god.
  5055 | D:4      | Found a hazy altar of Hepliaklqana.
  5143 | D:4      | Found a burning altar of Makhleb.
  5165 | D:5      | Entered Level 5 of the Dungeon
  5183 | D:5      | Found a hide-covered altar of Uskayaw.
  5183 | D:5      | Noticed a steam dragon
  5205 | D:5      | Killed a steam dragon
  5402 | D:5      | Reached skill level 6 in Fire Magic
  5402 | D:5      | Gained mutation: You have hooves in place of feet. [demonic
                  | ancestry]
  5402 | D:5      | Reached XP level 7. HP: 52/52 MP: 11/11
  5791 | D:5      | Found a staircase to the Ecumenical Temple.
  6819 | D:6      | Reached skill level 7 in Fire Magic
  6911 | D:6      | Noticed Blork the orc
  6916 | D:6      | Killed Blork the orc
  6950 | D:6      | Gained mutation: You are partially covered in sharp spines.
                  | [demonic ancestry]
  6950 | D:6      | Reached XP level 8. HP: 56/58 MP: 6/14
  7144 | D:6      | Noticed Pikel
  7147 | D:6      | Reached skill level 8 in Fire Magic
  7155 | D:6      | Reached skill level 5 in Spellcasting
  7473 | D:5      | Killed Pikel
  7611 | D:6      | Reached XP level 9. HP: 63/63 MP: 17/19
  7999 | D:6      | Reached skill level 1 in Armour
  7999 | D:6      | Reached skill level 1 in Dodging
  8406 | D:6      | HP: 4/97 [poisoned by a gnoll sergeant]
  8409 | D:6      | HP: 1/65 [poisoned by a gnoll sergeant]
  8410 | D:6      | Succumbed to a gnoll sergeant's poison

Illustrated notes

Levels and vault maps discovered:
D:1:      amcnicky_arrival_gap_in_the_tavern_cellar, layout_basic,
          lexackson_kobold_supper
D:2:      layout_basic, basic_altar, serial_bayou_lagoon_a
D:3:      layout_basic, grunt_temple_overflow_open, grunt_ministairs_5,
          minivault_27, uniq_crazy_yiuf_cottage
D:4:      layout_loops_ring, lightli_temple_of_fire,
          nicolae_hepliaklqana_ecumenical_no_more,
          gammafunk_temple_overflow_elements, serial_shops, nicolae_shop_stone
D:5:      layout_basic, mainiacjoe_overflow_24_doors, temple_hall
D:6:      layout_rooms, uniq_pikel, uniq_blork_the_orc
D:7:      layout_cave_pools, uniq_maggie

Skill      XL: |  1  2  3  4  5  6  7  8  9 |
---------------+----------------------------+-----
Axes           | 3 4 |  4.0
Fire Magic     | 3 4 5 6 7 8 |  8.0
Spellcasting   | 2 3 4 7 |  7.0
Armour         | 2 |  2.0
Dodging        | 2 |  2.0
Fighting       | |  3.8

Action                   |  1- 3 |  4- 6 |  7- 9 || total
-------------------------+-------+-------+-------++-------
Melee: Hand axe          |   122 |    90 |    49 ||   261
       Kick              |     3 |    12 |     9 ||    24
 Fire: Hunting sling     |     5 |       |       ||     5
 Cast: Scorch            |    14 |    31 |    64 ||   109
Invok: Foxfire Swarm     |       |     1 |       ||     1
  Use: Potion            |     3 |     4 |     2 ||     9
       Scroll            |       |     7 |     2 ||     9
Armor: Leather armour    |    46 |    33 |       ||    79
       Robe              |     2 |       |       ||     2
       Steam dragon scal |       |       |    25 ||    25
Dodge: Dodged            |    91 |    61 |    50 ||   202

Table legend: (Time is in decaauts)
 A = Elapsed time spent in this place.
 B = Non-inter-level travel time spent in this place.
 C = Inter-level travel time spent in this place.
 D = Time resting spent in this place.
 E = Time spent auto-exploring this place.
 F = Levels seen in this place.
 G = Mean time per level.
                   A        B        C        D        E       F      G
               +--------+--------+--------+--------+--------+-----+--------+
         Total |   8447 |   8190 |    257 |    676 |   6310 |   7 | 1206.7 |
       Dungeon |   8447 |   8190 |    257 |    676 |   6310 |   7 | 1206.7 |
               +--------+--------+--------+--------+--------+-----+--------+

Top non-repeatable levels by time:
     D:5: 2192 daAuts
     D:3: 1516 daAuts
     D:1: 1356 daAuts
     D:2: 1239 daAuts
     D:4: 1081 daAuts
     D:6: 1052 daAuts
     D:7: 7 daAuts
